 Dungeon Crawl Stone Soup version 0.20.1-1-g8b1a95d (webtiles) character file.

567 Thjof the Poker (level 7, -2/56 HPs)
             Began as a Merfolk Monk on Nov 8, 2017.
             Was a Follower of Elyvilon.
             Slain by Duvessa
             ... wielding a +1 short sword of electrocution
              (6 damage)
             ... on level 4 of the Dungeon.
             The game lasted 00:51:05 (3487 turns).

Thjof the Poker (Merfolk Monk)                      Turns: 3487, Time: 00:51:05

Health: -2/56      AC:  3    Str: 13    XL:     7   Next: 33%
Magic:  15/16      EV: 16    Int: 10    God:    Elyvilon [*.....]
Gold:   231        SH:  0    Dex: 16    Spells: 6/6 levels left

rFire    + . .     SeeInvis .   a - +0 spear
rCold    . . .     Gourm    .   (no shield)
rNeg     . . .     Faith    .   k - -1 robe (curse)
rPois    .         Spirit   .   t - +0 helmet (curse)
rElec    .         Reflect  .   l - +0 cloak
rCorr    .         Harm     .   (no gloves)
MR       .....                  (no boots)
Stlth    ++........             i - amulet of regeneration
Regen    0.6/turn               y - ring of protection from fire
MPRegen  0.2/turn               C - ring of magical power

@: protection
A: change form in water, swift swim, stealthy swim
a: Lesser Healing, Divine Protection, Renounce Religion


You were on level 4 of the Dungeon.
You worshipped Elyvilon.
Elyvilon was aware of your devotion.
You were not hungry.

You visited 1 branch of the dungeon, and saw 4 of its levels.

You collected 231 gold pieces.

Inventory:

Hand Weapons
 a - a +0 spear (weapon)
 b - a +0 hunting sling
Missiles
 e - 38 arrows
 r - 7 tomahawks (quivered)
 v - 101 sling bullets
 E - 5 poisoned needles
Armour
 f - a +0 leather armour
 h - a +2 robe of fire resistance
 k - a cursed -1 robe (worn)
 l - a +0 cloak (worn)
 t - a cursed +0 helmet (worn)
 F - a +2 leather armour of positive energy
Jewellery
 i - an amulet of regeneration (around neck)
 y - a ring of protection from fire (left hand)
 C - a ring of magical power (right hand)
Wands
 d - a wand of polymorph (1/24)
Scrolls
 g - 2 scrolls of amnesia
 j - 2 scrolls of teleportation
 q - 3 scrolls of identify
Potions
 o - 5 potions of curing
 x - a potion of ambrosia
 D - a potion of magic
Comestibles
 c - 2 bread rations
 n - a fruit
 w - 4 meat rations
 M - a royal jelly


   Skills:
 + Level 5.2 Fighting
 + Level 7.7 Polearms
 + Level 1.5 Throwing
 + Level 1.2 Armour
 + Level 5.8 Dodging
 + Level 3.2 Stealth
 + Level 0.2 Unarmed Combat
 + Level 0.7 Invocations


You had 6 spell levels left.
You didn't know any spells.

Dungeon Overview and Level Annotations

Branches:
Dungeon (4/15)
 Temple: D:4-7

Altars:
Elyvilon

Annotations:
D:4 Dowan, Duvessa


Message History

You hit Duvessa.
Duvessa is moderately wounded.
Duvessa hits you with a short sword of electrocution.
You hit Duvessa.
Duvessa is moderately wounded.
You hit Duvessa but do no damage.
Duvessa is moderately wounded.
Duvessa hits you with a short sword of electrocution.
You puncture Duvessa!
Duvessa is heavily wounded.
Duvessa hits you with a short sword of electrocution.
You are electrocuted!
* * * LOW HITPOINT WARNING * * *
You beseech Elyvilon to protect your life.
Duvessa misses you.
You open the door.
Duvessa hits you with a short sword of electrocution!
* * * LOW HITPOINT WARNING * * *
Duvessa hits you with a short sword of electrocution.
You die...

.....#........#
###..#........#
###..###......####
..#....+......#..#######
..#....#......+..##....#
#####..#......#........#
#####..#......#........#
.......#......#..##....#
.......#......##@#######
.......+......#..e.....#
#..###.#......#........#
#..###.###....#........#
.....#...+....+........#
.....#...#....#........#
...###+###....########.#
######.#......#..##.##.###
....'..#......#..........#


You could see Duvessa.

Vanquished Creatures
  Sigmund (D:2)
  A bullfrog (D:4)
  Blork the orc (D:4)
  An orc wizard (D:4)
  An orc priest (D:3)
  Ijyb (D:4)
  3 gnolls (D:3)
  4 adders
  An ooze (D:3)
  4 worms
  A dart slug (D:2)
  2 leopard geckos
  15 orcs
  6 bats
  5 giant cockroaches
  10 goblins
  14 hobgoblins
  7 jackals (D:2)
  5 kobolds
  4 quokkas
  A ball python (D:1)
  3 frilled lizards
  6 rats
97 creatures vanquished.

Notes
Turn   | Place    | Note
-------+----------+-------------------------------------------
     0 | D:1      | Thjof the Merfolk Monk began the quest for the Orb.
     0 | D:1      | Reached XP level 1. HP: 18/18 MP: 1/1
   179 | D:1      | Reached XP level 2. HP: 24/24 MP: 2/2
   779 | D:2      | Reached XP level 3. HP: 28/30 MP: 3/3
   923 | D:2      | Reached skill level 5 in Polearms
   944 | D:2      | Noticed Sigmund
  1116 | D:2      | Reached XP level 4. HP: 37/37 MP: 4/4
  1235 | D:2      | Killed Sigmund
  1235 | D:2      | Reached skill level 6 in Polearms
  1235 | D:2      | Reached skill level 1 in Armour
  1235 | D:2      | Reached skill level 5 in Dodging
  1235 | D:2      | Reached XP level 5. HP: 10/43 MP: 5/5
  1323 | D:2      | Reached XP level 6. HP: 14/49 MP: 6/6
  2072 | D:3      | Found a white marble altar of Elyvilon.
  2080 | D:3      | Became a worshipper of Elyvilon the Healer
  2080 | D:3      | Reached * piety under Elyvilon
  2080 | D:3      | Reached ** piety under Elyvilon
  2468 | D:3      | Reached skill level 7 in Polearms
  2499 | D:3      | Found a white marble altar of Elyvilon.
  2734 | D:3      | Was placed under penance by Elyvilon
  2950 | D:4      | Was forgiven by Elyvilon
  2985 | D:4      | Noticed Blork the orc
  2995 | D:4      | Killed Blork the orc
  2995 | D:4      | Reached skill level 5 in Fighting
  2995 | D:4      | Reached skill level 1 in Throwing
  2995 | D:4      | Reached XP level 7. HP: 37/56 MP: 7/7
  3153 | D:4      | Noticed Dowan
  3317 | D:4      | Noticed Ijyb
  3378 | D:4      | Killed Ijyb
  3460 | D:4      | Noticed Duvessa
  3487 | D:4      | Slain by Duvessa

Skill      XL: |  1  2  3  4  5  6  7 |
---------------+----------------------+-----
Fighting       | 4 5 |  5.2
Polearms       | 5 6 7 |  7.7
Armour         | 1 |  1.2
Dodging        | 5 |  5.8
Throwing       | 1 |  1.5
Stealth        | 3 |  3.2
Unarmed Combat | |  0.2
Invocations    | |  0.7

Action                   |  1- 3 |  4- 6 |  7- 9 || total
-------------------------+-------+-------+-------++-------
Melee: Spear             |   148 |   247 |    58 ||   453
       Unarmed           |       |       |    42 ||    42
 Fire: Hunting sling     |     7 |    25 |     6 ||    38
Throw: Stone             |     6 |       |       ||     6
       Tomahawk          |       |    16 |     7 ||    23
Invok: Lesser Healing    |       |     7 |     7 ||    14
       Divine Protection |       |     1 |     1 ||     2
       Heal Other        |       |       |     1 ||     1
  Use: Potion            |     3 |     1 |       ||     4
       Scroll            |     3 |     3 |     4 ||    10
 Stab: Sleeping          |       |     7 |       ||     7
  Eat: Chunk             |     1 |     7 |     2 ||    10
       Royal jelly       |       |       |     1 ||     1
Armor: Ring mail         |    30 |     4 |       ||    34
       Robe              |       |    12 |     9 ||    21
Dodge: Dodged            |    91 |    94 |    60 ||   245
